Match 39878769
Unlisted

Match 39878769
End
Construct Barracks
Riflemen Squad
M1 Mortar Team
Selects Heavy Weapons
Riflemen Squad
Riflemen Squad
Air Support Center
Construct Weapon Support Center
Construct Medical Station
Broly19HS
ooshyyyyyTTV
Farsurem
Bananenratte
Izzy
ALEJO5500
Dadical
Sy Ableman?!
0
0

Comments sign in to comment!

No comments posted yet!